 Dungeon Crawl Stone Soup version 0.30.0-5-g1a98f26d00 (webtiles) character file.

Game seed: 9356328588545651816

3200 greasedhog the Skirmisher (level 9, -1/54 HPs)
             Began as a Gargoyle Hunter on May 11, 2023.
             Was a Follower of Hepliaklqana.
             Slain by a wight
             ... wielding a +5 halberd of freezing
              (4 damage)
             ... on level 8 of the Dungeon.
             The game lasted 00:14:11 (7228 turns).

greasedhog the Skirmisher (Gargoyle Hunter)         Turns: 7228, Time: 00:14:12

Health: -1/54      AC: 14    Str: 16      XL:     9   Next: 96%
Magic:  9/9        EV: 12    Int:  6 (7)  God:    Hepliaklqana [*.....]
Gold:   416        SH:  0    Dex: 17      Spells: 8/8 levels left

rFire   . . .        a - +0 shortbow
rCold   . . .        (shield currently unavailable)
rNeg    + . .        c - +0 leather armour
rPois   ∞            s - +0 helmet
rElec   +            A - +2 cloak
rCorr   .            B - +0 pair of gloves
SInv    .            (no boots)
Will    .....        (no amulet)
Stlth   ++           (no ring)
HPRegen 0.29/turn    (no ring)
MPRegen 0.11/turn

%: no passive effects
@: unable to read
A: reduced essence, sickness immunity, AC +6, negative energy resistance 1,
electricity resistance, torment resistance 1, petrification resistance, hooves
1, deterioration 1, dopey 1, inability to read after injury 1
a: Renounce Religion, Recall Ancestor, Ancestor Identity


You were on level 8 of the Dungeon.
You worshipped Hepliaklqana.
Hepliaklqana was aware of your devotion.
You visited 2 branches of the dungeon, and saw 9 of its levels.

You collected 490 gold pieces.
You spent 74 gold pieces at shops.

Inventory:

Hand Weapons
 a - a +0 shortbow (weapon)
 v - a +2 short sword of speed
Armour
 c - a +0 leather armour (worn)
 s - a +0 helmet (worn)
 A - a +2 cloak (worn)
 B - a +0 pair of gloves (worn)
Wands
 D - a wand of flame (20)
 E - a wand of roots (4)
Scrolls
 b - 2 scrolls of immolation
 f - 2 scrolls of enchant weapon
 g - 2 scrolls of fog
 k - 3 scrolls of teleportation
 l - a scroll of poison
 m - 4 scrolls of enchant armour {unknown}
 n - a scroll of torment {unknown}
 o - 2 scrolls of amnesia {unknown}
 q - 2 scrolls of fear
 t - a scroll of magic mapping {unknown}
 y - a scroll of noise {unknown}
 z - 2 scrolls of blinking
 C - a scroll of brand weapon {unknown}
Potions
 d - 3 potions of brilliance
 e - a potion of flight {unknown}
 i - a potion of haste {unknown}
 j - 3 potions of resistance
 u - 2 potions of lignification {unknown}
 w - 3 potions of magic {unknown}
 x - 2 potions of invisibility {unknown}


   Skills:
 + Level 8.9 Fighting
 * Level 11.8 Ranged Weapons
 - Level 1.5 Dodging
 - Level 1.1 Stealth


You had 8 spell levels left.
You didn't know any spells.
Your spell library contained the following spells:

 Spells                   Type           Power      Damage    Failure   Level
 Malign Gateway           Summ/Tloc      0%         N/A       100%        7
 Summon Horrible Things   Summ           0%         N/A       100%        8


Dungeon Overview and Level Annotations

Branches:
Dungeon (8/15)             Temple (1/1) D:4
   Lair: D:8-11

Altars:
Cheibriados
Dithmenos
Elyvilon
Fedhas
Hepliaklqana
Makhleb
Nemelex Xobeh
Okawaru
Qazlal
Ru
Sif Muna
Trog
Uskayaw
Vehumet
Wu Jian
Xom
Yredelemnul
Zin
The Shining One

Shops:
D:1 *   D:3 !   D:5 [


Innate Abilities, Weirdness & Mutations

Your life essence is reduced to manifest your ancestor. (-10% HP)
You are immune to sickness and miasma.
Your stone body is resilient. (AC +6)
You are immune to poison.
You resist negative energy. (rN+)
You are resistant to electric shocks. (rElec)
You are resistant to unholy torment.
You are immune to petrification.
You have large cloven feet.
Your body sometimes deteriorates upon taking damage.
You are dopey. (Int -2)
You occasionally lose the ability to read scrolls when taking damage.


Message History

The wight freezes you.
You shoot an arrow. The arrow hits the wight.
The wight is heavily damaged.
The wight closely misses you.
You shoot an arrow. The arrow closely misses the wight.
The wight hits you from afar with a +5 halberd of freezing!
The wight freezes you.
* * * LOW HITPOINT WARNING * * *
Your body deteriorates!
You feel dopey.
You are too injured to fight recklessly!
You are too injured to fight recklessly!
Unknown command.
Fire: a) +0 shortbow
Press: ? - help, Q - select action, (/) - cycle Shift-Dir - straight line, f/p - wight
Aim: a wight, wielding a +5 halberd of freezing and wearing a +0 robe (heavily damaged, 69% to hit)
You shoot an arrow.
The arrow hits the wight but does no damage.
The wight is heavily damaged.
The wight hits you but does no damage.
Aiming: Throw Flame
Press: ? - help, Shift-Dir - straight line, f/p - wight
Aim: a wight, wielding a +5 halberd of freezing and wearing a +0 robe (heavily damaged, 68% to hit)
The puff of flame misses the wight.
The wight closely misses you.
Unknown command.
Aiming: Throw Flame
Press: ? - help, Shift-Dir - straight line, f/p - wight
Aim: a wight, wielding a +5 halberd of freezing and wearing a +0 robe (heavily damaged, 68% to hit)
The puff of flame hits the wight.
The wight is severely damaged.
The wight closely misses you.
Aiming: Throw Flame
Press: ? - help, Shift-Dir - straight line, f/p - wight
Aim: a wight, wielding a +5 halberd of freezing and wearing a +0 robe (severely damaged, 68% to hit)
The puff of flame hits the wight.
The wight is almost destroyed.
The wight hits you from afar with a +5 halberd of freezing!
You feel threatened and lose the ability to read scrolls!
* * * LOW HITPOINT WARNING * * *
The wight freezes you.
You die...

.######## ###.##.#.
........###...##)#.
#######[.......)...
###.#####..## #.#
##..## #.###..##
#### ##.##..##
###..# #..##<##
#.z.@# #.##..#
.....##)#####.##.##
### #.....).##.
##..#####.. ##.#
#.# ... .. ...##
##. .##.# .. #..


You could see a wight.

Vanquished Creatures
  A hornet (D:7)
  A water moccasin (D:7)
  Duvessa (D:5)
  A black bear (D:6)
  An ice beast (D:6)
  An ogre (D:7)
  A centaur (D:5)
  4 phantoms
  A kobold brigand (D:8)
  3 bullfrogs
  4 scorpions
  4 wights (D:8)
  Dowan (D:5)
  6 killer bees
  5 orc priests
  2 gnoll boudas
  6 iguanas
  2 jellies
  3 sleepcaps
  An orc wizard (D:2)
  12 gnolls
  6 adders
  A white imp (D:8)
  4 worms
  2 dart slugs
  13 orcs
  5 ball pythons
  5 bats
  3 endoplasms
  A giant cockroach (D:2)
  6 goblins
  4 hobgoblins
  2 jackals (D:1)
  5 quokkas
  2 training dummies (D:5)
  6 frilled lizards (D:1)
  11 kobolds
  A rat (D:2)
  A spectral goblin (D:2)
139 creatures vanquished.

Vanquished Creatures (collateral kills)
  A steam dragon (D:7)
  A scorpion (D:7)
  A howler monkey (D:7)
  A crimson imp (D:7)
  A gnoll bouda (D:6)
  An orc priest (D:7)
  An orc wizard (D:7)
  A gnoll (D:7)
8 creatures vanquished.

Vanquished Creatures (others)
  3 ancestors
  A gnoll (D:7)
4 creatures vanquished.

Grand Total: 151 creatures vanquished

Notes
Turn   | Place    | Note
-------+----------+-------------------------------------------
     0 | D:1      | greasedhog the Gargoyle Hunter began the quest for the Orb.
     0 | D:1      | Reached XP level 1. HP: 12/12 MP: 1/1
    99 | D:1      | Reached XP level 2. HP: 17/18 MP: 2/2
   348 | D:1      | Found Dimuq's General Store.
   353 | D:1      | Bought a scroll of identify for 26 gold pieces
   707 | D:2      | Reached XP level 3. HP: 4/22 MP: 3/3
   919 | D:2      | Found a faded altar of an unknown god.
  1050 | D:2      | Reached skill level 5 in Ranged Weapons
  1118 | D:2      | Reached XP level 4. HP: 28/28 MP: 4/4
  1252 | D:3      | Found Qicrin's Distillery.
  1403 | D:3      | Bought a potion of degeneration for 12 gold pieces
  1403 | D:3      | Bought a potion of curing for 36 gold pieces
  1446 | D:3      | Found a blossoming altar of Fedhas.
  1627 | D:3      | Found a radiant altar of Vehumet.
  1945 | D:4      | Reached XP level 5. HP: 32/32 MP: 5/5
  2190 | D:4      | Found a bloodstained altar of Trog.
  2202 | D:4      | Noticed a phantom
  2226 | D:4      | Killed a phantom
  2227 | D:4      | Reached skill level 6 in Ranged Weapons
  2451 | D:4      | Reached XP level 6. HP: 26/38 MP: 6/6
  3312 | D:4      | Found a staircase to the Ecumenical Temple.
  3320 | Temple   | Entered the Ecumenical Temple
  3517 | Temple   | Became a worshipper of Hepliaklqana the Forgotten
  3733 | D:5      | Entered Level 5 of the Dungeon
  3775 | D:5      | Reached skill level 7 in Ranged Weapons
  3775 | D:5      | Reached XP level 7. HP: 34/44 MP: 7/7
  3870 | D:5      | Reached skill level 5 in Fighting
  4281 | D:5      | Reached skill level 8 in Ranged Weapons
  4394 | D:5      | Found Kaoty's Armour Shop.
  4628 | D:5      | Reached XP level 8. HP: 41/51 MP: 8/8
  4707 | D:5      | Noticed Duvessa
  4707 | D:5      | Noticed Dowan
  4728 | D:5      | Killed Duvessa
  4732 | D:5      | Killed Dowan
  4984 | D:6      | Reached skill level 9 in Ranged Weapons
  5380 | D:6      | Found a shimmering altar of Xom.
  5383 | D:6      | Reached * piety under Hepliaklqana
  5733 | D:6      | Identified the +1 whip of Zeq Yzau {flame, rCorr Int+8
                  | Dex-3 SInv}
  5835 | D:7      | Reached skill level 10 in Ranged Weapons
  5835 | D:7      | Reached XP level 9. HP: 51/51 MP: 9/9
  6285 | D:7      | Found a burning altar of Makhleb.
  6476 | D:7      | Reached skill level 11 in Ranged Weapons
  6705 | D:7      | Noticed a hornet
  6727 | D:7      | Gained mutation: Your body sometimes deteriorates upon
                  | taking damage. [potion of mutation]
  6727 | D:7      | Gained mutation: You are agile. (Dex +4, Str/Int -1)
                  | [potion of mutation]
  6727 | D:7      | Gained mutation: You are weak. (Str -2) [potion of
                  | mutation]
  6727 | D:7      | Gained mutation: You have large cloven feet. [potion of
                  | mutation]
  6730 | D:7      | Killed a hornet
  7096 | D:7      | Found an ornate altar of the Wu Jian Council.
  7100 | D:7      | Lost mutation: You are weak. (Str -2) [potion of mutation]
  7100 | D:7      | Lost mutation: You are agile. (Dex +4, Str/Int -1) [potion
                  | of mutation]
  7100 | D:7      | Gained mutation: You occasionally lose the ability to read
                  | scrolls when taking damage. [potion of mutation]
  7100 | D:7      | Gained mutation: You are dopey. (Int -2) [potion of
                  | mutation]
  7228 | D:8      | Slain by a wight

Illustrated notes

Levels and vault maps discovered:
D:1:      dpeg_arrival_three_same_balls, layout_rooms, serial_shops, shop
D:2:      layout_rooms, dreamdust_ecumenical_altar_drowned_temple,
          amcnicky_mini_rare_corridor_liquid, guppyfry_early_lair_pool
D:3:      layout_rooms, fedhas_altar_2,
          mainiacjoe_overflow_concentric_impassable, serial_shops, shop
D:4:      layout_layer_cave, amcnicky_altar_gilded,
          minmay_temple_entry_statues_fountains
D:5:      dreamdust_elfheim, layout_loops_ring, serial_shops, nicolae_shop_stone
D:6:      layout_rooms, nicolae_overflow_crystal_walls, serial_corexii_hall,
          corexii_hall_statues_x, corexii_hall_statues_deadend, minivault_10,
          minmay_statues_item
D:7:      layout_basic, makhleb_grotto_becter, marbit_many_paths
D:8:      layout_rooms
Temple:   nicolae_temple_bog_church

Skill      XL: |  1  2  3  4  5  6  7  8  9 |
---------------+----------------------------+-----
Fighting       | 3 4 5 7 8 |  8.9
Ranged Weapons | 5 6 7 8 10 11 | 11.8
Dodging        | |  1.5
Stealth        | |  1.1

Action                     |  1- 3 |  4- 6 |  7- 9 || total
---------------------------+-------+-------+-------++-------
  Melee: Short sword       |       |    13 |    37 ||    50
         Kick              |       |       |     1 ||     1
         Punch             |       |       |     1 ||     1
   Fire: Shortbow          |   111 |   203 |   391 ||   705
  Evoke: Wand              |       |       |    14 ||    14
    Use: Scroll            |     4 |     2 |     5 ||    11
         Potion            |       |       |    11 ||    11
 Armour: Leather armour    |    23 |    46 |   135 ||   204
  Dodge: Dodged            |    38 |    84 |   145 ||   267
